 Dungeon Crawl Stone Soup version 0.19.0-2-gae57169 (webtiles) character file.

332 Quirk the Shield-Bearer (level 6, 0/39 HPs)
             Began as a Gargoyle Fighter on Nov 6, 2016.
             Slain by an ogre
             ... wielding a +0 giant club
              (20 damage)
             ... on level 4 of the Dungeon.
             The game lasted 00:03:27 (2189 turns).

Quirk the Shield-Bearer (Gargoyle Fighter)          Turns: 2189, Time: 00:03:28

Health: 0/39       AC: 11    Str: 21    XL:     6   Next: 52%
Magic:  6/6        EV: 10    Int:  8    God:
Gold:   165        SH: 10    Dex: 14    Spells: 0 memorised, 5 levels left

rFire  + . .     SeeInvis .     a - +0 flail
rCold  . . .     Gourm    .     n - +1 leather armour {rF+}
rNeg   + . .     Faith    .     c - +0 shield
rPois  ∞         Spirit   .     p - +0 helmet
rElec  +         Reflect  .     (no cloak)
rCorr  .         Harm     .     g - +0 pair of gloves
MR     .....                    (no boots)
Stlth  +.........               w - amulet of regeneration
                                (no ring)
                                u - +4 ring of dexterity

@: no status effects
A: negative energy resistance 1, electricity resistance, unbreathing,
petrification resistance, rot immunity, AC +4
a: no special abilities


You were on level 4 of the Dungeon.
You were hungry.

You visited 1 branch of the dungeon, and saw 4 of its levels.

You collected 165 gold pieces.

Inventory:

Hand Weapons
 a - a +0 flail (weapon)
Armour
 b - a +0 scale mail
 c - a +0 shield (worn)
 g - a +0 pair of gloves (worn)
 n - a +1 leather armour of fire resistance (worn)
 p - a +0 helmet (worn)
Jewellery
 u - a +4 ring of dexterity (left hand)
 w - an amulet of regeneration (around neck)
Scrolls
 e - 2 scrolls of amnesia {unknown}
 h - a scroll of enchant weapon {unknown}
 j - a scroll of recharging {unknown}
 l - 2 scrolls of fog {unknown}
 o - a scroll of immolation {unknown}
 r - 2 scrolls of identify
 s - a scroll of remove curse {unknown}
 x - a scroll of teleportation {unknown}
Potions
 d - 3 potions of might
 i - 2 potions of berserk rage
 m - a potion of mutation {unknown}
 t - a potion of flight {unknown}
 v - a potion of brilliance {unknown}
 z - a potion of magic {unknown}
Comestibles
 f - 3 bread rations
 q - 3 fruits


   Skills:
 + Level 4.6 Fighting
 + Level 3.4 Maces & Flails
 + Level 4.5 Armour
 + Level 1.7 Dodging
 + Level 4.7 Shields


You had 5 spell levels left.
You didn't know any spells.

Dungeon Overview and Level Annotations

Branches:
Dungeon (4/15)
 Temple: D:4-7

Altars:
Gozag
The Shining One

Annotations:
D:3 WhatIsLove's ghost, amateur VSFi


Innate Abilities, Weirdness & Mutations

You are resistant to torment.
Your stone body is resilient. (AC +4)
You are immune to poison.
You resist negative energy. (rN+)
You are resistant to electric shocks. (rElec)
You can survive without breathing.
You are immune to petrification.
You are immune to rotting.


Message History

The ogre is lightly wounded.
You block the ogre's attack.
All of the chunks of flesh in your inventory have rotted away.
You hit the ogre.
The ogre is lightly wounded.
You block the ogre's attack.
You sock the ogre!
The ogre is moderately wounded.
You block the ogre's attack.
You sock the ogre!
The ogre is severely wounded.
You block the ogre's attack.
You hit the ogre but do no damage.
The ogre is severely wounded.
The ogre hits you with a giant club.
You hit the ogre.
The ogre is almost dead.
The ogre hits you with a giant club!!
Ouch! That really hurt!
You die...

#.. #.# ##############.#
##########............#.###
.....o.....................
#.o..oo########...#.###
.....s.###s# #..##.#
....... #O########..##.###
....Os.###@##.<............
......................#.#..
.......###.##.#####...#<...
(...... #.##.#####...###..
....... #.##.##......# #..
#.....#.##...# #..
####..#.##.#.# #..
#.....#.#.# #.. #..........
...


You could see an ogre, a scorpion and 2 orcs.

Vanquished Creatures
  Sigmund (D:2)
  A hound (D:4)
  An orc wizard (D:4)
  A worker ant (D:4)
  3 adders
  2 oozes
  2 worms (D:2)
  A leopard gecko (D:1)
  An orc (D:4)
  6 giant cockroaches
  10 hobgoblins
  3 jackals (D:3)
  A quokka (D:3)
  2 ball pythons (D:1)
  9 bats
  2 frilled lizards
  6 goblins
  A kobold (D:3)
  A leopard gecko skeleton (D:4)
  3 rats
57 creatures vanquished.

Notes
Turn   | Place    | Note
-------+----------+-------------------------------------------
     0 | D:1      | Quirk the Gargoyle Fighter began the quest for the Orb.
     0 | D:1      | Reached XP level 1. HP: 14/14 MP: 1/1
   270 | D:1      | Reached XP level 2. HP: 12/19 MP: 2/2
   881 | D:2      | Found an opulent altar of Gozag.
   895 | D:2      | Reached XP level 3. HP: 21/24 MP: 3/3
  1051 | D:2      | Found a glowing golden altar of the Shining One.
  1226 | D:2      | Noticed Sigmund
  1243 | D:2      | Killed Sigmund
  1243 | D:2      | Reached skill level 1 in Dodging
  1243 | D:2      | Reached XP level 4. HP: 17/30 MP: 4/4
  1243 | D:2      | Reached XP level 5. HP: 20/34 MP: 5/5
  1769 | D:3      | Found a faded altar of an unknown god.
  1791 | D:3      | Reached XP level 6. HP: 31/39 MP: 6/6
  2052 | D:3      | Noticed WhatIsLove's ghost (amateur VSFi)
  2189 | D:4      | Slain by an ogre

Skill      XL: |  1  2  3 |
---------------+----------+-----
Fighting       | 4 |  4.6
Maces & Flails | 3 |  3.4
Armour         | 4 |  4.5
Dodging        | 1 |  1.7
Shields        | 4 |  4.7

Action                   |  1- 3 |  4- 6 || total
-------------------------+-------+-------++-------
Melee: Flail             |   105 |   116 ||   221
  Use: Scroll            |       |     1 ||     1
  Eat: Chunk             |     1 |     3 ||     4
Armor: Scale mail        |    36 |       ||    36
       Leather armour    |    29 |    59 ||    88
Dodge: Dodged            |    34 |    46 ||    80
Block: Shield            |    62 |    69 ||   131
